 Dungeon Crawl Stone Soup version 0.32-a0-779-g362cfcae2a (webtiles) character file.

Game seed: 8056130351412736004

229 Griffin23 the Covered (level 5, 0/47 HPs)
             Began as a Minotaur Fighter on Mar 19, 2024.
             Slain by an orc priest
             ... wielding a +0 dagger
              (3 damage)
             ... on level 4 of the Dungeon.
             The game lasted 00:04:36 (3442 turns).

Griffin23 the Covered (Minotaur Fighter)            Turns: 3442, Time: 00:04:37

Health: 0/47       AC:  8    Str: 23    XL:     5   Next: 71%
Magic:  4/4        EV:  8    Int:  5    God:
Gold:   257        SH:  4    Dex:  9    Spells: 4/4 levels left

rFire   . . .        a - +1 long sword
rCold   . . .        c - +0 buckler
rNeg    + . .        A - +0 scale mail {rN+}
rPois   .            (helmet restricted)
rElec   .            z - +0 cloak
rCorr   .            (no gloves)
SInv    .            (no boots)
Will    .....        (no amulet) Stlth
                     (no ring)
HPRegen 0.27/turn    (no ring)
MPRegen 0.09/turn

%: no passive effects
@: no status effects
A: horns 2, retaliatory headbutt
a: Convert to Beogh


You were on level 4 of the Dungeon.
You visited 1 branch of the dungeon, and saw 4 of its levels.

You collected 257 gold pieces.

Inventory:

Hand Weapons
 a - a +1 long sword (weapon)
Missiles
 g - a throwing net (quivered)
Armour
 b - a +0 scale mail
 c - a +0 buckler (worn)
 z - a +0 cloak (worn)
 A - a +0 scale mail of positive energy (worn)
Jewellery
 k - a ring of poison resistance
Wands
 l - a wand of paralysis (7)
 t - a wand of iceblast (5)
Scrolls
 e - a scroll of fear
 h - a scroll of revelation
 i - a scroll of fog {unknown}
 m - 3 scrolls of enchant weapon
 o - a scroll of silence {unknown}
 q - a scroll of teleportation {unknown}
 r - a scroll of brand weapon {unknown}
 s - a scroll of poison {unknown}
 w - 2 scrolls of blinking
 x - a scroll of torment {unknown}
 y - a scroll of noise {unknown}
Potions
 d - 2 potions of might
 f - 2 potions of curing {unknown}
 j - a potion of magic {unknown}
 n - a potion of haste {unknown}
 p - 2 potions of berserk rage {unknown}
 u - 2 potions of heal wounds {unknown}
 v - a potion of cancellation {unknown}


   Skills:
 + Level 4.8 Fighting
 * Level 4.5 Long Blades
 + Level 4.9 Armour
 + Level 4.9 Shields


You had 4 spell levels left.
You didn't know any spells.
Your spell library contained the following spells:

 Spells                   Type           Power      Damage    Failure   Level
 Freeze                   Ice            0%         1d3       83%         1
 Shock                    Conj/Air       0%         1d3       83%         1
 Frozen Ramparts          Ice            0%         1d1       99%         3
 Hailstorm                Conj/Ice       0%         3d5       99%         3
 Swiftness                Air            0%         N/A       99%         3
 Airstrike                Air            0%         2d(0-16)  100%        4


Dungeon Overview and Level Annotations

Branches:
Dungeon (4/15)
 Temple: D:4-7

Altars:
Kikubaaqudgha
Vehumet
Xom


Innate Abilities, Weirdness & Mutations

You have a pair of horns on your head.
You reflexively headbutt those who attack you in melee.


Message History

The orc priest hits you but does no damage.
You block the orc warrior's attack.
There are monsters nearby!
You hit the orc warrior but do no damage.
The orc warrior is lightly wounded.
The orc warrior hits you with a +0 dire flail.
You block the orc priest's attack.
You hit the orc warrior.
The orc warrior is lightly wounded.
The orc warrior hits you with a +0 dire flail!
The orc priest hits you but does no damage.
You hit the orc warrior but do no damage.
The orc warrior is lightly wounded.
The orc warrior hits you with a +0 dire flail.
The orc priest hits you with a +0 dagger.
The orc priest shouts, "Surrender to Beogh and we'll let you live!" (press Y on the ability menu to convert to Beogh)
You slash the orc warrior!
The orc warrior is moderately wounded.
The orc warrior barely misses you. You furiously retaliate!
You headbutt the orc warrior, but do no damage.
The orc priest hits you but does no damage.
You slash the orc warrior!
You headbutt the orc warrior, but do no damage.
The orc warrior is severely wounded.
The orc priest shouts, "Beogh offers mercy even to people such as you.
Join us and be reborn!"
The orc warrior barely misses you.
The orc priest looks braver for a moment.
The orc priest hits you but does no damage.
The orc warrior hits you with a +0 dire flail!
* * * LOW HITPOINT WARNING * * *
You are too injured to fight recklessly!
Unknown command.
The orc priest shouts, "The Pantheon deserves no one's loyalty.
Let us show you the true path!"
You hit the orc warrior. You headbutt the orc warrior.
The orc warrior is severely wounded.
The orc warrior hits you with a +0 dire flail!
* * * LOW HITPOINT WARNING * * *
The orc priest hits you with a +0 dagger.
You die...

#....##########
#.###.
#.####......... #.
#...†..######## #.
#.#....# ## #.#.#.##
#.#.#.######## ###
#.#.#<.......# #..
#.#.########[##..##
#...
#.#.......o@........
....≈
#.##..####o#.##.####
###.≈ #.#.# # #.≈
..#.# ...≈ ####.#
###.≈ #.# #.≈ #.# ..


You could see an orc warrior and an orc priest.

Vanquished Creatures
  A gnoll bouda (D:4)
  A bombardier beetle (D:4)
  4 gnolls (D:4)
  3 adders
  A dart slug (D:2)
  9 orcs
  7 ball pythons
  8 endoplasms
  5 giant cockroaches
  6 goblins
  12 hobgoblins
  4 quokkas
  6 bats
  3 frilled lizards
  15 kobolds
  3 rats (D:1)
88 creatures vanquished.

Notes
Turn   | Place    | Note
-------+----------+-------------------------------------------
     0 | D:1      | Griffin23 the Minotaur Fighter began the quest for the Orb.
     0 | D:1      | Reached XP level 1. HP: 19/19 MP: 0/0
   159 | D:1      | Reached XP level 2. HP: 27/27 MP: 1/1
   671 | D:1      | Reached XP level 3. HP: 33/33 MP: 2/2
  1660 | D:3      | Reached XP level 4. HP: 38/40 MP: 3/3
  2077 | D:3      | Found a shimmering altar of Xom.
  2572 | D:3      | Found the +7 Throatcutter {drain, coup de grace}
  2757 | D:4      | Found an ancient bone altar of Kikubaaqudgha.
  2946 | D:4      | Found a radiant altar of Vehumet.
  2950 | D:4      | Reached XP level 5. HP: 46/47 MP: 4/4
  3241 | D:4      | Identified the +1 leather armour "Foduwebeucs" {Str+4 Dex+4
                  | Slay-3}
  3434 | D:4      | Noticed an orc warrior
  3442 | D:4      | Slain by an orc priest

Illustrated notes

Levels and vault maps discovered:
D:1:      dpeg_arrival_refuge, layout_loops_corners, minmay_heptomino_o4
D:2:      layout_basic
D:3:      layout_basic, mainiacjoe_overflow_24_doors,
          dilly_guarded_unrand_throatcut
D:4:      layout_loops_ring, mainiacjoe_overflow_brackets, lemuel_round_altar

Skill      XL: |  1  2  3  4  5 |
---------------+----------------+-----
Fighting       | 4 |  4.8
Shields        | 4 |  4.9
Armour         | 4 |  4.9
Long Blades    | 3 4 |  4.5

Action                     |  1- 3 |  4- 6 || total
---------------------------+-------+-------++-------
  Melee: Long sword        |   113 |    90 ||   203
         Headbutt          |    14 |    13 ||    27
    Use: Scroll            |       |     4 ||     4
 Armour: Scale mail        |    75 |    80 ||   155
  Dodge: Dodged            |    55 |    58 ||   113
  Block: Buckler           |    25 |    31 ||    56

Table legend: (Time is in decaauts)
 A = Elapsed time spent in this place.
 B = Non-inter-level travel time spent in this place.
 C = Inter-level travel time spent in this place.
 D = Time resting spent in this place.
 E = Time spent auto-exploring this place.
 F = Levels seen in this place.
 G = Mean time per level.
                   A        B        C        D        E       F      G
               +--------+--------+--------+--------+--------+-----+--------+
         Total |   3493 |   3317 |    176 |      0 |   2803 |   4 |  873.2 |
       Dungeon |   3493 |   3317 |    176 |      0 |   2803 |   4 |  873.2 |
               +--------+--------+--------+--------+--------+-----+--------+

Top non-repeatable levels by time:
     D:3: 1205 daAuts
     D:1: 951 daAuts
     D:4: 695 daAuts
     D:2: 640 daAuts
